Description

Slim version of BeastyQT's TvP mech build.

Build Order

Get SALT Encoding   

  20  1:46  Command Center  
  21  1:57  Factory  
  21  2:09  Barracks Tech Lab  
  21  2:13  Supply Depot  
  22  2:20  Refinery  
  25  2:50  Cyclone  
  29  3:00  Orbital Command  
  29  3:04  Mag-Field Accelerator  
  30  3:19  Command Center  
  42  4:02  Refinery x2  
  43  4:15  Factory x2  
  59  5:15  Armory  
  66  5:30  Factory x2  
Spawning Tool Build Advisor. Get it on Overwolf

Go to:

Details

  • Created by: voji
  • Published on: Feb 01, 2020
  • Modified on: Feb 01, 2020
  • Patch: 4.11.0
Show
View Real Time Build Order
Export as new Build Order

Comments (0)

There are no comments. Be the first!

Create an account to comment!